Sewer Rats vs Inferno
(R1)
Created - 18 octobre 2014 at 23:27
Goals
|
| Sewer Rats |
0 |
2 |
2 |
4 |
| Inferno |
1 |
2 |
0 |
3 |
|
Shots
|
| Sewer Rats |
7 |
8 |
8 |
23 |
| Inferno |
8 |
13 |
8 |
29 |
|
1st period
1. Inferno , Pavel Vorobiev 6 (Stephane Veilleux, Vladimir Sobotka) at 17:30
Penalties :
Nick Palmieri (Tol) for Tripping (Minor) at 2:20, Jonathan Paiement (Tol) for High sticking (Minor) at 7:27, Lars Eller (Tol) for Hooking (Minor) at 18:08
2nd period
2. Inferno , Cal O'Reilly 4 (Andrej Sekera, Brad Marchand) at 1:25
3. Sewer Rats , Nick Palmieri 4 (Kyle Turris) at 8:20
4. Sewer Rats , Matt Lashoff 1 (Steven Reinprecht, John-Michael Liles) at 12:10 (PP)
5. Inferno , Vladimir Zharkov 1 (Yannick Weber) at 18:01
Penalties :
Vladimir Sobotka (Anc) for High sticking (Minor) at 8:39, Brian Boyle (Anc) for Interference (Minor) at 11:30
3rd period
6. Sewer Rats , Derek Dorsett 3 (Steven Reinprecht, Matt Lashoff) at 6:35
7. Sewer Rats , Kyle Turris 5 (Nick Palmieri, Kyle Quincey) at 18:42 (PP)
Penalties :
Kyle Turris (Tol) for Tripping (Minor) at 2:38, Matt Lashoff (Tol) for High sticking (Minor) at 2:41, Matt Lashoff (Tol) for Hooking (Minor) at 7:27, Patrick Bordeleau (Tol) for Hooking (Minor) at 10:47, Nick Palmieri (Tol) for High sticking (Minor) at 13:48, Brian Boyle (Anc) for Boarding (Minor) at 17:58, Brian Boyle (Anc) for Tripping (Minor) at 19:04
Goalie Stats
Semyon Varlamov (Tol), 26 saves from 29 shots - (0,897), W, 4-2-0, 60:00 minutes
Josh Harding (Anc), 19 saves from 23 shots - (0,826), L, 6-3-0, 60:00 minutes
Players Stats for Sewer Rats
Player Name G A P +/- PIM S H SB GA TA FO MP PP MP PK MP
------------------------------------------------------------------------------------
Derek Dorsett 1 0 1 1 0 3 2 0 0 0 2/3 9:02 0:00 0:00
Evan Brophey 0 0 0 -2 0 0 1 0 0 0 0/1 7:09 0:00 0:49
John Erskine 0 0 0 -1 0 1 2 1 0 1 0/0 25:27 0:00 7:31
John Lammers 0 0 0 -2 0 0 1 0 0 0 0/0 8:52 0:00 2:13
John-Michael Liles 0 1 1 -1 0 1 1 1 2 0 0/0 27:46 3:04 7:05
Jonathan Paiement 0 0 0 0 2 1 0 2 0 0 0/0 13:13 0:00 1:46
Jordan Caron 0 0 0 -2 0 0 1 0 0 0 0/0 6:14 0:00 0:00
Kyle Quincey 0 1 1 0 0 1 1 0 0 0 0/0 13:15 1:14 0:03
Kyle Turris 1 1 2 0 2 1 1 0 1 0 12/32 17:56 2:32 1:48
Lars Eller 0 0 0 0 2 1 2 0 0 0 2/6 17:20 1:46 2:28
Mark Mancari 0 0 0 0 0 0 2 1 0 0 0/1 14:12 1:46 0:00
Matt Lashoff 1 1 2 0 4 1 0 0 0 2 0/0 19:24 3:04 4:09
Mattias Ekholm 0 0 0 0 0 0 0 0 0 0 0/0 0:56 0:00 0:56
Max Pacioretty 0 0 0 0 0 5 1 0 0 2 4/5 20:29 2:32 4:28
Nick Palmieri 1 1 2 0 4 2 1 0 1 0 3/6 20:16 2:32 4:12
Patrick Bordeleau 0 0 0 1 2 0 0 0 0 0 0/0 8:55 0:00 0:00
Steven Kampfer 0 0 0 1 0 0 0 0 0 0 0/0 6:10 1:14 0:00
Steven Reinprecht 0 2 2 1 0 3 2 0 0 0 1/6 14:37 1:46 3:49
Tim Ramholt 0 0 0 -1 0 1 1 1 0 0 0/0 14:17 0:00 6:21
Vojtech Polak 0 0 0 0 0 2 3 1 0 0 0/0 18:30 0:00 6:09
Players Stats for Inferno
Player Name G A P +/- PIM S H SB GA TA FO MP PP MP PK MP
------------------------------------------------------------------------------------
Alex Berry 0 0 0 0 0 1 0 0 0 0 0/0 8:54 0:22 0:00
Andrej Sekera 0 1 1 -1 0 0 1 0 0 1 0/0 28:09 8:22 2:35
Brad Marchand 0 1 1 0 0 4 1 0 0 1 4/6 21:23 7:09 2:22
Brendan Mikkelson 0 0 0 2 0 0 1 0 0 1 0/0 21:46 5:34 1:43
Brian Boyle 0 0 0 0 6 1 2 0 1 0 6/8 10:56 0:36 1:02
Cal O'Reilly 1 0 1 0 0 3 4 0 0 0 3/6 14:37 6:11 1:39
Colin Wilson 0 0 0 0 0 0 2 0 0 0 15/30 19:09 7:09 0:08
David Ullstrom 0 0 0 0 0 1 0 0 0 0 0/0 8:28 0:00 0:00
Jonathan Ferland 0 0 0 0 0 3 1 1 0 0 0/0 21:38 7:23 3:06
Mark Mitera 0 0 0 0 0 0 1 3 0 0 0/0 12:31 0:00 1:43
Matt Kassian 0 0 0 0 0 1 1 1 0 0 0/0 8:26 1:08 0:00
Pavel Vorobiev 1 0 1 1 0 6 1 0 1 0 0/0 13:46 0:00 0:00
Simon Danis-Pepin 0 0 0 0 0 1 0 1 0 0 0/0 10:05 0:00 0:00
Stephane Veilleux 0 1 1 1 0 2 0 0 0 0 2/2 19:49 5:39 0:19
Travis Hamonic 0 0 0 -1 0 0 0 0 0 1 0/0 28:09 8:22 2:35
Vladimir Sobotka 0 1 1 1 2 4 0 0 1 0 6/8 14:28 0:00 0:00
Vladimir Zharkov 1 0 1 0 0 1 1 0 0 0 0/0 14:04 6:11 0:00
Yannick Weber 0 1 1 2 0 1 0 0 2 0 0/0 19:20 5:34 0:00
3 Stars
1 - Cal O'Reilly (Anc)
2 - Derek Dorsett (Tol)
3 - Steven Reinprecht (Tol)
Power Play
Sewer Rats - 2 on 4 Attempt(s) - 50,00%
Inferno - 0 on 8 Attempt(s) - 0,00%
Penalty Kill
Sewer Rats - 8 on 8 Attempt(s) - 100,00%
- Score 0 goal in Penalty Kill
Inferno - 2 on 4 Attempt(s) - 50,00%
- Score 0 goal in Penalty Kill
Official
Referees : Lee Chris and StPierre Justin
Linesman : Dan Schachte and Andy McElman
Game Notes
No Game Note
Finance
Level 1 -- Attendance: 1581 (79,05%) -- Ticket Income 55 335 $
Level 2 -- Attendance: 811 (81,10%) -- Ticket Income 12 165 $
Total Attendance: 2392 (79,73%)
Total Ticket Income: 67 500 $
Other Income: 3 375 $
Total Income: 70 875 $
Sewer Rats
5 vs 5 Forward
Center Left Wing Right Wing Time % Phy DF OF
1 Kyle Turris Max Pacioretty Nick Palmieri 40 1 2 2
2 Lars Eller Vojtech Polak Mark Mancari 30 1 2 2
3 Steven Reinprecht Patrick Bordeleau Derek Dorsett 20 1 2 2
4 Evan Brophey John Lammers Jordan Caron 10 1 2 2
5 vs 5 Defense
Defense Defense Time % Phy DF OF
1 John-Michael Liles John Erskine 40 1 2 2
2 Matt Lashoff Kyle Quincey 30 1 2 2
3 Tim Ramholt Jonathan Paiement 20 1 2 2
4 Jonathan Paiement Steven Kampfer 10 1 2 2
PowerPlay Forward
Center Left Wing Right Wing Time % Phy DF OF
1 Kyle Turris Max Pacioretty Nick Palmieri 60 1 2 2
2 Steven Reinprecht Lars Eller Mark Mancari 40 1 2 2
PowerPlay Defense
Defense Defense Time % Phy DF OF
1 John-Michael Liles Matt Lashoff 60 1 2 2
2 Steven Kampfer Kyle Quincey 40 1 2 2
Penalty Kill 4 Players Forward
Center Wing Time % Phy DF OF
1 Nick Palmieri Vojtech Polak 60 1 2 2
2 Lars Eller Steven Reinprecht 40 1 2 2
Penalty Kill 4 Players Defense
Defense Defense Time % Phy DF OF
1 John-Michael Liles John Erskine 60 1 2 2
2 Matt Lashoff Tim Ramholt 40 1 2 2
Penalty Kill - 3 Players Forward
Forward Time % Phy DF OF
1 Max Pacioretty 60 1 2 2
2 Steven Reinprecht 40 1 2 2
Penalty Kill - 3 Players Defense
Defense Defense Time % Phy DF OF
1 Tim Ramholt John Erskine 60 1 2 2
2 Matt Lashoff John-Michael Liles 40 1 2 2
4 vs 4 Forward
Center Wing Time % Phy DF OF
1 Max Pacioretty Steven Reinprecht 60 1 2 2
2 Nick Palmieri Mark Mancari 40 1 2 2
4 vs 4 Defense
Defense Defense Time % Phy DF OF
1 John-Michael Liles John Erskine 60 1 2 2
2 Matt Lashoff Kyle Quincey 40 1 2 2
Last Minutes Offensive
Center Left Wing Right Wing Defense Defense
Kyle Turris Max Pacioretty Mark Mancari John-Michael Liles Matt Lashoff
Last Minutes Defensive
Center Left Wing Right Wing Defense Defense
Kyle Turris Max Pacioretty Nick Palmieri Matt Lashoff John Erskine
Goaltenders
Starting : Semyon Varlamov
Backup : Jhonas Enroth
Extra Forwards
Normal : Vojtech Polak, Derek Dorsett, Max Pacioretty - PP : Vojtech Polak, Derek Dorsett - PK : Max Pacioretty
Extra Defensemen
Normal : Steven Kampfer, Jonathan Paiement, Matt Lashoff - PP : Steven Kampfer - PK : Jonathan Paiement, Matt Lashoff
Penalty Shots
Max Pacioretty, Steven Reinprecht, Kyle Turris, Jordan Caron, Vojtech Polak
Inferno
5 vs 5 Forward
Center Left Wing Right Wing Time % Phy DF OF
1 Colin Wilson Brad Marchand Jonathan Ferland 40 1 2 2
2 Vladimir Sobotka Stephane Veilleux Pavel Vorobiev 30 1 2 2
3 Brian Boyle David Ullstrom Vladimir Zharkov 20 1 2 2
4 Cal O'Reilly Matt Kassian Alex Berry 10 1 2 2
5 vs 5 Defense
Defense Defense Time % Phy DF OF
1 Travis Hamonic Andrej Sekera 40 1 2 2
2 Brendan Mikkelson Yannick Weber 30 1 2 2
3 Simon Danis-Pepin Mark Mitera 20 1 2 2
4 Travis Hamonic Andrej Sekera 10 1 2 2
PowerPlay Forward
Center Left Wing Right Wing Time % Phy DF OF
1 Colin Wilson Brad Marchand Jonathan Ferland 60 1 1 3
2 Cal O'Reilly Stephane Veilleux Vladimir Zharkov 40 1 1 3
PowerPlay Defense
Defense Defense Time % Phy DF OF
1 Travis Hamonic Andrej Sekera 60 1 1 3
2 Brendan Mikkelson Yannick Weber 40 1 1 3
Penalty Kill 4 Players Forward
Center Wing Time % Phy DF OF
1 Brian Boyle Jonathan Ferland 60 1 4 0
2 Vladimir Sobotka Brad Marchand 40 1 4 0
Penalty Kill 4 Players Defense
Defense Defense Time % Phy DF OF
1 Travis Hamonic Andrej Sekera 60 1 4 0
2 Brendan Mikkelson Mark Mitera 40 1 4 0
Penalty Kill - 3 Players Forward
Forward Time % Phy DF OF
1 Brad Marchand 60 1 4 0
2 Jonathan Ferland 40 1 4 0
Penalty Kill - 3 Players Defense
Defense Defense Time % Phy DF OF
1 Travis Hamonic Andrej Sekera 60 1 4 0
2 Brendan Mikkelson Mark Mitera 40 1 4 0
4 vs 4 Forward
Center Wing Time % Phy DF OF
1 Colin Wilson Brad Marchand 60 1 2 2
2 Vladimir Sobotka Jonathan Ferland 40 1 2 2
4 vs 4 Defense
Defense Defense Time % Phy DF OF
1 Travis Hamonic Andrej Sekera 60 1 2 2
2 Brendan Mikkelson Yannick Weber 40 1 2 2
Last Minutes Offensive
Center Left Wing Right Wing Defense Defense
Colin Wilson Brad Marchand Jonathan Ferland Travis Hamonic Andrej Sekera
Last Minutes Defensive
Center Left Wing Right Wing Defense Defense
Colin Wilson Brad Marchand Jonathan Ferland Travis Hamonic Andrej Sekera
Goaltenders
Starting : Josh Harding
Backup : Jonathan Boutin
Extra Forwards
Normal : Brad Marchand, Jonathan Ferland, Vladimir Zharkov - PP : Stephane Veilleux, Cal O'Reilly - PK : Brad Marchand
Extra Defensemen
Normal : Andrej Sekera, Travis Hamonic, Brendan Mikkelson - PP : Yannick Weber - PK : Brendan Mikkelson, Andrej Sekera
Penalty Shots
Stephane Veilleux, Colin Wilson, Brad Marchand, Jonathan Ferland, Vladimir Zharkov
% Time on Ice - Sewer Rats
Lines # - Real PCT - Wanted PCT - Time Play
Normal Forward
1 - 34% - 40% - 14:01
2 - 31% - 30% - 13:06
3 - 20% - 20% - 8:26
4 - 15% - 10% - 6:10
Normal Defense
1 - 42% - 40% - 17:34
2 - 31% - 30% - 12:53
3 - 15% - 20% - 6:23
4 - 12% - 10% - 4:53
PP Forward
1 - 59% - 60% - 2:32
2 - 41% - 40% - 1:46
PP Defense
1 - 71% - 60% - 3:04
2 - 29% - 40% - 1:14
PK Forward
1 - 72% - 60% - 8:41
2 - 28% - 40% - 3:19
PK Defense
1 - 56% - 60% - 6:41
2 - 44% - 40% - 5:19
PK3 Forward
1 - 74% - 60% - 1:26
2 - 26% - 40% - 0:30
PK3 Defense
1 - 53% - 60% - 1:02
2 - 47% - 40% - 0:54
44 Forward
1 - 0% - 60%
2 - 0% - 40%
44 Defense
1 - 0% - 60%
2 - 0% - 40%
Last Minute Offensive - 0:00
Last Minute Defensive - 0:03
Total
Forward - 60:00
Defense - 60:00
|
% Time on Ice - Inferno
Lines # - Real PCT - Wanted PCT - Time Play
Normal Forward
1 - 29% - 40% - 12:12
2 - 35% - 30% - 14:40
3 - 20% - 20% - 8:28
4 - 15% - 10% - 6:26
Normal Defense
1 - 38% - 40% - 16:03
2 - 35% - 30% - 14:29
3 - 24% - 20% - 10:05
4 - 3% - 10% - 1:09
PP Forward
1 - 56% - 60% - 7:45
2 - 44% - 40% - 6:11
PP Defense
1 - 60% - 60% - 8:22
2 - 40% - 40% - 5:34
PK Forward
1 - 93% - 60% - 4:01
2 - 7% - 40% - 0:17
PK Defense
1 - 60% - 60% - 2:35
2 - 40% - 40% - 1:43
PK3 Forward
1 - 0% - 60%
2 - 0% - 40%
PK3 Defense
1 - 0% - 60%
2 - 0% - 40%
44 Forward
1 - 0% - 60%
2 - 0% - 40%
44 Defense
1 - 0% - 60%
2 - 0% - 40%
Last Minute Offensive - 0:00
Last Minute Defensive - 0:00
Total
Forward - 60:00
Defense - 60:00
|
Play by Play
1st period
0:01 of 1st period - Colin Wilson wins face-off versus Kyle Turris in neutral zone.
0:52 of 1st period - Wrist shot by Derek Dorsett.
0:52 of 1st period - Stopped by Josh Harding without a rebound.
0:53 of 1st period - Derek Dorsett wins face-off versus Cal O'Reilly in Inferno zone.
1:04 of 1st period - Backhand shot by Cal O'Reilly.
1:04 of 1st period - Stopped by Semyon Varlamov without a rebound.
1:05 of 1st period - Brian Boyle wins face-off versus Evan Brophey in Sewer Rats zone.
1:10 of 1st period - Snap shot by Vladimir Zharkov.
1:10 of 1st period - Shot Misses the Net.
1:30 of 1st period - Jonathan Paiement is hit by Jonathan Ferland and loses puck.
1:49 of 1st period - Kyle Quincey is hit by Pavel Vorobiev and loses puck.
1:58 of 1st period - Pavel Vorobiev is hit by Vojtech Polak and loses puck.
2:13 of 1st period - Wrist shot by Cal O'Reilly.
2:13 of 1st period - Stopped by Semyon Varlamov without a rebound.
2:14 of 1st period - Colin Wilson wins face-off versus Kyle Turris in Sewer Rats zone.
2:20 of 1st period - Minor Penalty to Nick Palmieri for Tripping.
2:21 of 1st period - Max Pacioretty wins face-off versus Colin Wilson in Sewer Rats zone.
2:27 of 1st period - Slapshot by John-Michael Liles.
2:27 of 1st period - Stopped by Josh Harding with a rebound.
2:47 of 1st period - Cal O'Reilly is hit by John Erskine and loses puck.
4:20 of 1st period - Penalty to Nick Palmieri is over, Nick Palmieri is back on ice.
5:13 of 1st period - Snap shot by Vojtech Polak.
5:13 of 1st period - Shot Misses the Net.
5:15 of 1st period - Snap shot by Vojtech Polak.
5:15 of 1st period - Stopped by Josh Harding with a rebound.
5:17 of 1st period - Snap shot by Vojtech Polak.
5:17 of 1st period - Shot Misses the Net.
5:32 of 1st period - Stephane Veilleux is hit by Jordan Caron and loses puck.
6:05 of 1st period - Slapshot by Matt Lashoff.
6:05 of 1st period - Deflect By Steven Reinprecht.
6:05 of 1st period - Stopped by Josh Harding with a rebound.
6:20 of 1st period - Snap shot by Mark Mancari.
6:20 of 1st period - Shot Misses the Net.
6:22 of 1st period - Slapshot by Vojtech Polak.
6:22 of 1st period - Shot Hit the Post.
6:52 of 1st period - Snap shot by John Lammers.
6:52 of 1st period - Shot Misses the Net.
6:55 of 1st period - Icing by Mark Mitera.
6:56 of 1st period - Cal O'Reilly wins face-off versus Mark Mancari in Inferno zone.
7:27 of 1st period - Minor Penalty to Jonathan Paiement for High sticking.
7:28 of 1st period - Colin Wilson wins face-off versus Nick Palmieri in Sewer Rats zone.
7:40 of 1st period - Wrist shot by Brad Marchand.
7:40 of 1st period - Stopped by Semyon Varlamov with a rebound.
9:23 of 1st period - Nick Palmieri is hit by Brian Boyle and loses puck.
9:27 of 1st period - Penalty to Jonathan Paiement is over, Jonathan Paiement is back on ice.
9:34 of 1st period - Snap shot by Brian Boyle.
9:34 of 1st period - Stopped by Semyon Varlamov with a rebound.
10:04 of 1st period - Wrist shot by Brian Boyle.
10:04 of 1st period - Shot Misses the Net.
10:37 of 1st period - Colin Wilson is hit by Evan Brophey and loses puck.
10:56 of 1st period - Andrej Sekera is hit by Derek Dorsett and loses puck.
12:33 of 1st period - Snap shot by Vojtech Polak.
12:33 of 1st period - Stopped by Josh Harding without a rebound.
12:34 of 1st period - Cal O'Reilly wins face-off versus Lars Eller in Inferno zone.
12:49 of 1st period - John Erskine is hit by Cal O'Reilly and loses puck.
13:00 of 1st period - Wrist shot by Alex Berry.
13:00 of 1st period - Shot Misses the Net.
13:10 of 1st period - Slapshot by Cal O'Reilly.
13:10 of 1st period - Shot Hit the Post.
13:16 of 1st period - Slapshot by John-Michael Liles.
13:16 of 1st period - Shot Blocked by Matt Kassian.
13:18 of 1st period - Snap shot by Vojtech Polak.
13:18 of 1st period - Shot Misses the Net.
13:20 of 1st period - Slapshot by John Erskine.
13:20 of 1st period - Shot Misses the Net.
13:22 of 1st period - Wrist shot by Vojtech Polak.
13:22 of 1st period - Shot Misses the Net.
13:24 of 1st period - Slapshot by John Erskine.
13:24 of 1st period - Deflect By Lars Eller.
13:24 of 1st period - Shot Blocked by Mark Mitera.
13:24 of 1st period - Puck is out of play.
13:25 of 1st period - Colin Wilson wins face-off versus Kyle Turris in Inferno zone.
13:40 of 1st period - Wrist shot by Max Pacioretty.
13:40 of 1st period - Stopped by Josh Harding with a rebound.
15:13 of 1st period - Brad Marchand is hit by John Erskine and loses puck.
15:43 of 1st period - Off-side.
15:44 of 1st period - Vladimir Sobotka wins face-off versus Lars Eller in neutral zone.
15:53 of 1st period - Snap shot by Pavel Vorobiev.
15:53 of 1st period - Deflect By Vojtech Polak.
15:53 of 1st period - Stopped by Semyon Varlamov without a rebound.
15:54 of 1st period - Kyle Turris wins face-off versus Colin Wilson in Sewer Rats zone.
16:04 of 1st period - Wrist shot by Max Pacioretty.
16:04 of 1st period - Stopped by Josh Harding with a rebound.
16:06 of 1st period - Wrist shot by Max Pacioretty.
16:06 of 1st period - Shot Blocked by Mark Mitera.
16:08 of 1st period - Snap shot by Max Pacioretty.
16:08 of 1st period - Shot Misses the Net.
16:10 of 1st period - Snap shot by Matt Lashoff.
16:10 of 1st period - Deflect By Nick Palmieri.
16:10 of 1st period - Shot Misses the Net.
16:10 of 1st period - Puck is out of play.
16:11 of 1st period - Vladimir Sobotka wins face-off versus Lars Eller in Inferno zone.
16:42 of 1st period - Wrist shot by Max Pacioretty.
16:42 of 1st period - Shot Misses the Net.
17:24 of 1st period - Slapshot by Stephane Veilleux.
17:24 of 1st period - Stopped by Semyon Varlamov with a rebound.
17:26 of 1st period - Slapshot by Simon Danis-Pepin.
17:26 of 1st period - Deflect By Steven Reinprecht.
17:26 of 1st period - Stopped by Semyon Varlamov without a rebound.
17:27 of 1st period - Vladimir Sobotka wins face-off versus Kyle Turris in Sewer Rats zone.
17:30 of 1st period - Snap shot by Pavel Vorobiev.
17:30 of 1st period - Goal by Pavel Vorobiev - Sewer Rats : 0 - Inferno : 1.
17:31 of 1st period - Colin Wilson wins face-off versus Kyle Turris in neutral zone.
18:08 of 1st period - Minor Penalty to Lars Eller for Hooking.
18:09 of 1st period - Nick Palmieri wins face-off versus Colin Wilson in Sewer Rats zone.
18:34 of 1st period - Cal O'Reilly is hit by Max Pacioretty and loses puck.
Goals for this period are 0 for Sewer Rats vs 1 for Inferno.
Shots for this period are 7 for Sewer Rats vs 8 for Inferno.
2nd period
0:01 of 2nd period - Colin Wilson wins face-off versus Nick Palmieri in neutral zone.
0:04 of 2nd period - Snap shot by Brad Marchand.
0:04 of 2nd period - Stopped by Semyon Varlamov with a rebound.
0:06 of 2nd period - Wrist shot by Andrej Sekera.
0:06 of 2nd period - Shot Blocked by Vojtech Polak.
0:08 of 2nd period - Penalty to Lars Eller is over, Lars Eller is back on ice.
0:12 of 2nd period - Backhand shot by Brad Marchand.
0:12 of 2nd period - Stopped by Semyon Varlamov without a rebound.
0:13 of 2nd period - Kyle Turris wins face-off versus Colin Wilson in Sewer Rats zone.
0:47 of 2nd period - Slapshot by Vladimir Sobotka.
0:47 of 2nd period - Stopped by Semyon Varlamov with a rebound.
1:01 of 2nd period - Vladimir Zharkov is hit by Steven Reinprecht and loses puck.
1:25 of 2nd period - Slapshot by Cal O'Reilly.
1:25 of 2nd period - Goal by Cal O'Reilly - Sewer Rats : 0 - Inferno : 2.
1:26 of 2nd period - Colin Wilson wins face-off versus Kyle Turris in neutral zone.
1:31 of 2nd period - Snap shot by Jonathan Ferland.
1:31 of 2nd period - Stopped by Semyon Varlamov without a rebound.
1:32 of 2nd period - Kyle Turris wins face-off versus Colin Wilson in Sewer Rats zone.
2:20 of 2nd period - Slapshot by Steven Reinprecht.
2:20 of 2nd period - Stopped by Josh Harding without a rebound.
2:21 of 2nd period - Brian Boyle wins face-off versus Steven Reinprecht in Inferno zone.
2:26 of 2nd period - Slapshot by Yannick Weber.
2:26 of 2nd period - Stopped by Semyon Varlamov without a rebound.
2:27 of 2nd period - Colin Wilson wins face-off versus Kyle Turris in Sewer Rats zone.
2:30 of 2nd period - Wrist shot by Brad Marchand.
2:30 of 2nd period - Shot Misses the Net.
2:37 of 2nd period - Off-side.
2:38 of 2nd period - Kyle Turris wins face-off versus Colin Wilson in neutral zone.
2:48 of 2nd period - Slapshot by Jonathan Ferland.
2:48 of 2nd period - Stopped by Semyon Varlamov without a rebound.
2:49 of 2nd period - Kyle Turris wins face-off versus Colin Wilson in Sewer Rats zone.
3:37 of 2nd period - Snap shot by Cal O'Reilly.
3:37 of 2nd period - Deflect By Lars Eller.
3:37 of 2nd period - Shot Misses the Net.
3:37 of 2nd period - Puck is out of play.
3:38 of 2nd period - Cal O'Reilly wins face-off versus Kyle Turris in Sewer Rats zone.
4:11 of 2nd period - Stephane Veilleux is hit by Kyle Turris and loses puck.
5:07 of 2nd period - David Ullstrom is hit by Kyle Quincey and loses puck.
5:40 of 2nd period - Mark Mancari is hit by Mark Mitera and loses puck.
5:51 of 2nd period - Snap shot by Pavel Vorobiev.
5:51 of 2nd period - Shot Misses the Net.
6:13 of 2nd period - Lars Eller is hit by Colin Wilson and loses puck.
6:49 of 2nd period - Yannick Weber is hit by John Lammers and loses puck.
7:55 of 2nd period - John-Michael Liles is hit by Andrej Sekera and loses puck.
8:08 of 2nd period - Snap shot by Andrej Sekera.
8:08 of 2nd period - Deflect By Matt Kassian.
8:08 of 2nd period - Stopped by Semyon Varlamov without a rebound.
8:09 of 2nd period - Kyle Turris wins face-off versus Cal O'Reilly in Sewer Rats zone.
8:20 of 2nd period - Backhand shot by Nick Palmieri.
8:20 of 2nd period - Goal by Nick Palmieri - Sewer Rats : 1 - Inferno : 2.
8:21 of 2nd period - Kyle Turris wins face-off versus Colin Wilson in neutral zone.
8:28 of 2nd period - Snap shot by Nick Palmieri.
8:28 of 2nd period - Shot Misses the Net.
8:30 of 2nd period - Slapshot by John Erskine.
8:30 of 2nd period - Shot Blocked by Jonathan Ferland.
8:32 of 2nd period - Snap shot by Max Pacioretty.
8:32 of 2nd period - Shot Misses the Net.
8:34 of 2nd period - Snap shot by Max Pacioretty.
8:34 of 2nd period - Shot Misses the Net.
8:36 of 2nd period - Snap shot by Max Pacioretty.
8:36 of 2nd period - Stopped by Josh Harding without a rebound.
8:37 of 2nd period - Stephane Veilleux wins face-off versus Lars Eller in Inferno zone.
8:39 of 2nd period - Minor Penalty to Vladimir Sobotka for High sticking.
8:40 of 2nd period - Brian Boyle wins face-off versus Kyle Turris in Inferno zone.
9:10 of 2nd period - Brian Boyle is hit by Lars Eller and loses puck.
9:15 of 2nd period - Snap shot by Steven Reinprecht.
9:15 of 2nd period - Shot Blocked by Mark Mitera.
9:29 of 2nd period - Kyle Turris is hit by Cal O'Reilly and loses puck.
10:39 of 2nd period - Penalty to Vladimir Sobotka is over, Vladimir Sobotka is back on ice.
11:21 of 2nd period - Wrist shot by Vladimir Sobotka.
11:21 of 2nd period - Stopped by Semyon Varlamov without a rebound.
11:22 of 2nd period - Lars Eller wins face-off versus Brian Boyle in Sewer Rats zone.
11:30 of 2nd period - Minor Penalty to Brian Boyle for Interference.
11:31 of 2nd period - Brad Marchand wins face-off versus Kyle Turris in Inferno zone.
12:06 of 2nd period - Slapshot by John-Michael Liles.
12:06 of 2nd period - Shot Misses the Net.
12:08 of 2nd period - Wrist shot by Steven Reinprecht.
12:08 of 2nd period - Shot Misses the Net.
12:10 of 2nd period - Slapshot by Matt Lashoff.
12:10 of 2nd period - Goal by Matt Lashoff - Sewer Rats : 2 - Inferno : 2.
12:11 of 2nd period - Stephane Veilleux wins face-off versus Kyle Turris in neutral zone.
12:22 of 2nd period - Wrist shot by Pavel Vorobiev.
12:22 of 2nd period - Stopped by Semyon Varlamov without a rebound.
12:23 of 2nd period - Colin Wilson wins face-off versus Kyle Turris in Sewer Rats zone.
13:08 of 2nd period - Kyle Quincey is hit by Brendan Mikkelson and loses puck.
13:48 of 2nd period - Wrist shot by Matt Kassian.
13:48 of 2nd period - Shot Misses the Net.
13:56 of 2nd period - Wrist shot by Cal O'Reilly.
13:56 of 2nd period - Shot Blocked by Jonathan Paiement.
14:05 of 2nd period - Icing by Nick Palmieri.
14:06 of 2nd period - Lars Eller wins face-off versus Vladimir Sobotka in Sewer Rats zone.
14:30 of 2nd period - Icing by Andrej Sekera.
14:31 of 2nd period - Kyle Turris wins face-off versus Colin Wilson in Inferno zone.
14:32 of 2nd period - Wrist shot by Max Pacioretty.
14:32 of 2nd period - Stopped by Josh Harding with a rebound.
14:56 of 2nd period - Kyle Turris is hit by Vladimir Zharkov and loses puck.
15:41 of 2nd period - Brad Marchand is hit by Derek Dorsett.
16:26 of 2nd period - Snap shot by Brian Boyle.
16:26 of 2nd period - Shot Misses the Net.
16:28 of 2nd period - Wrist shot by Andrej Sekera.
16:28 of 2nd period - Shot Blocked by Tim Ramholt.
16:30 of 2nd period - Slapshot by Travis Hamonic.
16:30 of 2nd period - Shot Blocked by Jonathan Paiement.
16:40 of 2nd period - Snap shot by Pavel Vorobiev.
16:40 of 2nd period - Stopped by Semyon Varlamov without a rebound.
16:41 of 2nd period - Vladimir Sobotka wins face-off versus Steven Reinprecht in Sewer Rats zone.
16:50 of 2nd period - Wrist shot by Stephane Veilleux.
16:50 of 2nd period - Stopped by Semyon Varlamov with a rebound.
18:01 of 2nd period - Snap shot by Vladimir Zharkov.
18:01 of 2nd period - Goal by Vladimir Zharkov - Sewer Rats : 2 - Inferno : 3.
18:02 of 2nd period - Kyle Turris wins face-off versus Colin Wilson in neutral zone.
18:12 of 2nd period - Off-side.
18:13 of 2nd period - Kyle Turris wins face-off versus Colin Wilson in neutral zone.
18:24 of 2nd period - Snap shot by Max Pacioretty.
18:24 of 2nd period - Stopped by Josh Harding with a rebound.
18:26 of 2nd period - Slapshot by John-Michael Liles.
18:26 of 2nd period - Shot Misses the Net.
18:28 of 2nd period - Slapshot by John Erskine.
18:28 of 2nd period - Stopped by Josh Harding with a rebound.
18:47 of 2nd period - Wrist shot by Kyle Quincey.
18:47 of 2nd period - Stopped by Josh Harding with a rebound.
19:21 of 2nd period - Icing by Pavel Vorobiev.
19:22 of 2nd period - Vladimir Sobotka wins face-off versus Kyle Turris in Inferno zone.
Goals for this period are 2 for Sewer Rats vs 2 for Inferno.
Shots for this period are 8 for Sewer Rats vs 13 for Inferno.
3rd period
0:01 of 3rd period - Kyle Turris wins face-off versus Colin Wilson in neutral zone.
0:58 of 3rd period - Pavel Vorobiev is hit by Mark Mancari and loses puck.
1:13 of 3rd period - Stephane Veilleux is hit by Vojtech Polak and loses puck.
2:15 of 3rd period - Snap shot by Pavel Vorobiev.
2:15 of 3rd period - Stopped by Semyon Varlamov with a rebound.
2:17 of 3rd period - Wrist shot by Stephane Veilleux.
2:17 of 3rd period - Shot Hit the Post.
2:19 of 3rd period - Wrist shot by Stephane Veilleux.
2:19 of 3rd period - Shot Misses the Net.
2:21 of 3rd period - Wrist shot by Pavel Vorobiev.
2:21 of 3rd period - Stopped by Semyon Varlamov with a rebound.
2:23 of 3rd period - Snap shot by Vladimir Sobotka.
2:23 of 3rd period - Stopped by Semyon Varlamov with a rebound.
2:25 of 3rd period - Wrist shot by Pavel Vorobiev.
2:25 of 3rd period - Shot Blocked by Mark Mancari.
2:27 of 3rd period - Snap shot by Yannick Weber.
2:27 of 3rd period - Shot Blocked by John-Michael Liles.
2:29 of 3rd period - Slapshot by Brendan Mikkelson.
2:29 of 3rd period - Shot Blocked by John Erskine.
2:31 of 3rd period - Snap shot by Vladimir Sobotka.
2:31 of 3rd period - Stopped by Semyon Varlamov without a rebound.
2:32 of 3rd period - Colin Wilson wins face-off versus Kyle Turris in Sewer Rats zone.
2:38 of 3rd period - Minor Penalty to Kyle Turris for Tripping.
2:39 of 3rd period - Nick Palmieri wins face-off versus Colin Wilson in Sewer Rats zone.
2:41 of 3rd period - Minor Penalty to Matt Lashoff for High sticking.
2:42 of 3rd period - Colin Wilson wins face-off versus Max Pacioretty in Sewer Rats zone.
3:24 of 3rd period - Mattias Ekholm is hit by Cal O'Reilly and loses puck.
4:38 of 3rd period - Penalty to Kyle Turris is over, Kyle Turris is back on ice.
4:41 of 3rd period - Penalty to Matt Lashoff is over, Matt Lashoff is back on ice.
5:41 of 3rd period - Matt Kassian is hit by Vojtech Polak and loses puck.
6:27 of 3rd period - Slapshot by Jonathan Paiement.
6:27 of 3rd period - Stopped by Josh Harding without a rebound.
6:28 of 3rd period - Brian Boyle wins face-off versus Steven Reinprecht in Inferno zone.
6:33 of 3rd period - Wrist shot by Steven Reinprecht.
6:33 of 3rd period - Shot Misses the Net.
6:35 of 3rd period - Snap shot by Derek Dorsett.
6:35 of 3rd period - Goal by Derek Dorsett - Sewer Rats : 3 - Inferno : 3.
6:36 of 3rd period - Colin Wilson wins face-off versus Kyle Turris in neutral zone.
6:41 of 3rd period - Max Pacioretty is hit by Colin Wilson and loses puck.
7:27 of 3rd period - Minor Penalty to Matt Lashoff for Hooking.
7:28 of 3rd period - Colin Wilson wins face-off versus Nick Palmieri in Sewer Rats zone.
7:44 of 3rd period - Slapshot by Andrej Sekera.
7:44 of 3rd period - Shot Misses the Net.
9:27 of 3rd period - Penalty to Matt Lashoff is over, Matt Lashoff is back on ice.
9:43 of 3rd period - Snap shot by David Ullstrom.
9:43 of 3rd period - Stopped by Semyon Varlamov with a rebound.
9:45 of 3rd period - Wrist shot by Alex Berry.
9:45 of 3rd period - Stopped by Semyon Varlamov without a rebound.
9:46 of 3rd period - Vladimir Sobotka wins face-off versus Derek Dorsett in Sewer Rats zone.
9:47 of 3rd period - Wrist shot by Pavel Vorobiev.
9:47 of 3rd period - Shot Misses the Net.
10:34 of 3rd period - Derek Dorsett is hit by Cal O'Reilly and loses puck.
10:47 of 3rd period - Minor Penalty to Patrick Bordeleau for Hooking.
10:48 of 3rd period - Nick Palmieri wins face-off versus Colin Wilson in Sewer Rats zone.
11:32 of 3rd period - Colin Wilson is hit by Tim Ramholt and loses puck.
11:52 of 3rd period - Off-side.
11:53 of 3rd period - Max Pacioretty wins face-off versus Cal O'Reilly in neutral zone.
12:47 of 3rd period - Penalty to Patrick Bordeleau is over, Patrick Bordeleau is back on ice.
12:47 of 3rd period - Stephane Veilleux is hit by Steven Reinprecht and loses puck.
13:12 of 3rd period - Slapshot by Steven Reinprecht.
13:12 of 3rd period - Deflect By Lars Eller.
13:12 of 3rd period - Stopped by Josh Harding with a rebound.
13:14 of 3rd period - Slapshot by Tim Ramholt.
13:14 of 3rd period - Stopped by Josh Harding with a rebound.
13:16 of 3rd period - Snap shot by Lars Eller.
13:16 of 3rd period - Deflect By Steven Reinprecht.
13:16 of 3rd period - Shot Blocked by Simon Danis-Pepin.
13:16 of 3rd period - Puck is out of play.
13:17 of 3rd period - Colin Wilson wins face-off versus Kyle Turris in Inferno zone.
13:24 of 3rd period - Wrist shot by Brad Marchand.
13:24 of 3rd period - Stopped by Semyon Varlamov without a rebound.
13:25 of 3rd period - Colin Wilson wins face-off versus Kyle Turris in Sewer Rats zone.
13:28 of 3rd period - Wrist shot by Jonathan Ferland.
13:28 of 3rd period - Stopped by Semyon Varlamov without a rebound.
13:29 of 3rd period - Kyle Turris wins face-off versus Brad Marchand in Sewer Rats zone.
13:29 of 3rd period - John-Michael Liles is hit by Brad Marchand and loses puck.
13:38 of 3rd period - Wrist shot by Colin Wilson.
13:38 of 3rd period - Shot Misses the Net.
13:48 of 3rd period - Minor Penalty to Nick Palmieri for High sticking.
13:49 of 3rd period - Max Pacioretty wins face-off versus Colin Wilson in Sewer Rats zone.
14:15 of 3rd period - Travis Hamonic is hit by John-Michael Liles and loses puck.
15:45 of 3rd period - Vojtech Polak is hit by Brian Boyle and loses puck.
15:48 of 3rd period - Penalty to Nick Palmieri is over, Nick Palmieri is back on ice.
15:52 of 3rd period - Evan Brophey is hit by Matt Kassian and loses puck.
17:23 of 3rd period - Icing by Brendan Mikkelson.
17:24 of 3rd period - Derek Dorsett wins face-off versus Brian Boyle in Inferno zone.
17:41 of 3rd period - Snap shot by Steven Reinprecht.
17:41 of 3rd period - Deflect By Derek Dorsett.
17:41 of 3rd period - Shot Misses the Net.
17:41 of 3rd period - Puck is out of play.
17:42 of 3rd period - Steven Reinprecht wins face-off versus Vladimir Sobotka in Inferno zone.
17:45 of 3rd period - Slapshot by Derek Dorsett.
17:45 of 3rd period - Stopped by Josh Harding with a rebound.
17:47 of 3rd period - Slapshot by Kyle Quincey.
17:47 of 3rd period - Shot Misses the Net.
17:49 of 3rd period - Slapshot by Derek Dorsett.
17:49 of 3rd period - Shot Misses the Net.
17:51 of 3rd period - Snap shot by Steven Reinprecht.
17:51 of 3rd period - Stopped by Josh Harding without a rebound.
17:52 of 3rd period - Brian Boyle wins face-off versus Steven Reinprecht in Inferno zone.
17:58 of 3rd period - Minor Penalty to Brian Boyle for Boarding.
17:59 of 3rd period - Brad Marchand wins face-off versus Kyle Turris in Inferno zone.
18:25 of 3rd period - Travis Hamonic is hit by Mark Mancari and loses puck.
18:30 of 3rd period - Snap shot by Steven Reinprecht.
18:30 of 3rd period - Deflect By Lars Eller.
18:30 of 3rd period - Shot Misses the Net.
18:30 of 3rd period - Puck is out of play.
18:31 of 3rd period - Max Pacioretty wins face-off versus Brad Marchand in Inferno zone.
18:32 of 3rd period - Snap shot by Nick Palmieri.
18:32 of 3rd period - Stopped by Josh Harding without a rebound.
18:33 of 3rd period - Brad Marchand wins face-off versus Kyle Turris in Inferno zone.
18:42 of 3rd period - Wrist shot by Kyle Turris.
18:42 of 3rd period - Goal by Kyle Turris - Sewer Rats : 4 - Inferno : 3.
18:43 of 3rd period - Brian Boyle wins face-off versus Steven Reinprecht in neutral zone.
19:04 of 3rd period - Minor Penalty to Brian Boyle for Tripping.
19:05 of 3rd period - Brad Marchand wins face-off versus Kyle Turris in Inferno zone.
19:05 of 3rd period - Brad Marchand is hit by Nick Palmieri.
19:39 of 3rd period - Brendan Mikkelson is hit by Lars Eller and loses puck.
Goals for this period are 2 for Sewer Rats vs 0 for Inferno.
Shots for this period are 8 for Sewer Rats vs 8 for Inferno.
Output by the SimonT Hockey Simulator (STHS) for François Prévost -- Original Page W3C XHTML 1.0 Valid